[Event "18th Brasschaat Open 2018"]
[Site "Brasschaat"]
[Date "2018.08.22"]
[Round "5"]
[White "Butzen, Robin"]
[Black "Ismail, Tamer"]
[Result "1-0"]
[ECO "E69"]
[WhiteElo "1899"]
[BlackElo "1999"]
[Annotator "NA"]
[PlyCount "55"]
[EventDate "2018.08.18"]
[EventType "swiss"]
[EventCountry "BEL"]
[SourceTitle "playchess.com"]
[Source "ChessBase"]
[SourceQuality "1"]
[TimeControl "40/5400+30:1800+30"]

1. d4 d6 2. Nf3 Nf6 3. g3 g6 4. Bg2 Bg7 5. O-O O-O 6. h3 c6 7. c4 Nbd7 8. Nc3 e5 9. e4 Re8 10. Be3 a5 11. Qc2 exd4 12. Nxd4 Nc5 13. Rad1 Qe7 {[%emt 0:01:29] LiveBook: 88 Games} 14. Rfe1 Ne6 $16 ({Don't blunder} 14... Ncxe4 $2 15. Bf4 $18) (14... a4 $14) 15. f4 Nh5 16. Kh2 Nxd4 17. Bxd4 Bxd4 18. Rxd4 f5 19. Qd2 Nf6 20. Rxd6 Nd5 21. e5 Nxc3 22. Qxc3 Be6 23. Red1 Qf7 24. Bf1 a4 25. Qb4 Reb8 26. R1d4 b5 27. cxb5 cxb5 28. Bg2 1-0

[Event "18th Brasschaat Open 2018"]
[Site "Brasschaat"]
[Date "2018.08.22"]
[Round "5"]
[White "Pattyn, Luc"]
[Black "Sikkel, Dirk"]
[Result "1/2-1/2"]
[ECO "A42"]
[WhiteElo "1755"]
[BlackElo "1973"]
[Annotator "NA"]
[PlyCount "53"]
[EventDate "2018.08.18"]
[EventType "swiss"]
[EventCountry "BEL"]
[SourceTitle "playchess.com"]
[Source "ChessBase"]
[SourceQuality "1"]
[TimeControl "40/5400+30:1800+30"]

1. d4 g6 2. c4 Bg7 3. Nc3 d6 4. e4 e5 5. d5 a5 6. Be2 Nd7 {[%emt 0:01:14] LiveBook: 16 Games} 7. Be3 {[%emt 0:01:04] A42: Modern Defence: Averbakh Variation} Nc5 (7... Bh6 8. Bxh6 Nxh6 9. h4 Kf8 10. Qd2 Kg7 11. g4 f6 12. f3 Nc5 13. Bd3 Nf7 14. Nge2 h5 15. gxh5 Rxh5 {1-0 (56) Goryachkina,A (2491)-Muradli,M (2398) Batumi 2018}) 8. g4 Bh6 9. Qd2 (9. Bxc5 $1 $14 dxc5 10. h4) 9... Bxe3 10. Qxe3 f6 $146 ({Predecessor:} 10... h6 11. h4 Nf6 12. f3 Bd7 13. Nh3 Qb8 14. f4 Qa7 15. fxe5 dxe5 {1-0 (30) Manne,P-Cramling,D (2345) Gausdal 1982}) 11. f3 Bd7 12. Nh3 h5 13. Nf2 h4 14. h3 g5 15. Nd3 b6 16. a4 Ne7 17. Nb5 $15 Nxd3+ 18. Bxd3 Ng6 19. Nc3 Nf4 20. Rh2 Qe7 21. Bc2 Kf7 22. Kf1 Rhe8 23. Re1 Qd8 24. Ne2 Qc8 25. Qf2 Qa6 26. Nxf4 exf4 27. Qd4 1/2-1/2

[Event "18th Brasschaat Open 2018"]
[Site "Brasschaat"]
[Date "2018.08.23"]
[Round "6"]
[White "Oudewaal, Vincent"]
[Black "Butzen, Robin"]
[Result "1/2-1/2"]
[ECO "A11"]
[WhiteElo "2070"]
[BlackElo "1899"]
[Annotator "NA RC"]
[PlyCount "54"]
[EventDate "2018.08.18"]
[EventType "swiss"]
[EventCountry "BEL"]
[SourceTitle "playchess.com"]
[Source "ChessBase"]
[SourceQuality "1"]
[TimeControl "40/5400+30:1800+30"]

1. c4 c6 2. g3 d5 3. Bg2 Nf6 4. Nf3 Bf5 5. cxd5 {[%emt 0:02:16] LiveBook: 523 Games} cxd5 6. Nc3 {[%emt 0:03:44] A11: English Opening: 1...c6} (6. Qb3 Nc6 7. Qxb7 Bd7 8. Qb3 e5 9. O-O e4 10. Ne1 Rb8 11. Qd1 h5 12. d3 h4 13. Bf4 hxg3 14. Bxg3 {½-½ (23) Artemiev,V (2697)-Petrosian,T (2589) Moscow 2018}) 6... Nc6 7. Nh4 Be6 8. d4 g6 9. Nf3 Bg7 10. O-O O-O 11. Bf4 $146 ({Predecessor:} 11. b3 Qc8 12. Bb2 {½-½ (12) Gregory,K (2011)-Gostelow,D (2044) Birmingham 2015}) 11... h6 12. Ne5 Rc8 13. Qd2 Kh7 14. Rfc1 Nh5 15. Na4 Nxf4 16. gxf4 Nxe5 17. fxe5 b6 18. Nc3 Qd7 19. Qd3 Bf5 20. Qa6 Bh3 21. e3 Rc4 22. Bxh3 Qxh3 23. Nxd5 Bxe5 24. f4 Qg4+ 25. Kf2 Qh4+ 26. Kg2 $1 Qg4+ 27. Kf2 Qh4+ 1/2-1/2

[Event "18th Brasschaat Open 2018"]
[Site "Brasschaat"]
[Date "2018.08.23"]
[Round "6"]
[White "De Bock, Thijs"]
[Black "Pattyn, Luc"]
[Result "1-0"]
[ECO "B76"]
[WhiteElo "1959"]
[BlackElo "1755"]
[Annotator "NA RC"]
[PlyCount "95"]
[EventDate "2018.08.18"]
[EventType "swiss"]
[EventCountry "BEL"]
[SourceTitle "playchess.com"]
[Source "ChessBase"]
[SourceQuality "1"]
[TimeControl "40/5400+30:1800+30"]

1. e4 c5 2. Nf3 d6 3. d4 cxd4 4. Nxd4 Nf6 5. Nc3 g6 6. Be3 Bg7 7. f3 O-O 8. Qd2 Nc6 9. g4 Be6 10. O-O-O Rc8 {[%emt 0:03:19] LiveBook: 15 Games} 11. Kb1 {[%emt 0:00:32] B76: Sicilian Dragon: Yugoslav Attack, 9 g4 and 9 0-0-0} Nxd4 12. Bxd4 Qa5 (12... Nd7 13. Bxg7 Kxg7 14. Nd5 f6 15. h4 Rc5 16. g5 fxg5 17. hxg5 Rxf3 18. Be2 Rf8 19. Rh4 Ne5 20. Rdh1 Bg8 21. Qd4 h5 22. gxh6+ Kh7 23. Bd3 Bxd5 24. exd5 Rf6 25. Re4 {½-½ (25) Telepnev,I (2505)-Matei,C (2478) ICCF email 2013}) 13. Nd5 Qxd2 14. Nxe7+ Kh8 15. Rxd2 Rc7 16. Nd5 $146 ({Predecessor:} 16. g5 Ne8 17. Nd5 Bxd5 18. Bxg7+ Kxg7 19. Rxd5 Rc5 20. Rxc5 dxc5 {1-0 (28) Pytlik,L (2403)-Stein,K (2178) ICCF email 2006}) 16... Bxd5 17. exd5 a6 18. h4 Kg8 19. h5 Nd7 20. f4 (20. Bf2 $16) 20... Re8 21. b3 Re1+ 22. Kb2 $1 Re4 23. Bxg7 Kxg7 24. hxg6 fxg6 25. Rdh2 Nf8 26. Rf2 Rf7 27. Bd3 Rexf4 28. Rxf4 Rxf4 29. Re1 Kf7 30. Re4 Rxe4 31. Bxe4 Kf6 32. c4 Nd7 33. Bf3 b6 34. b4 Kg5 35. a4 {[%emt 0:02:17] [#]} Kf4 $17 (35... h5 $1 $19 {and Black stays clearly on top.} 36. b5 (36. gxh5 $2 gxh5 37. Kc3 h4 $19) 36... a5 37. gxh5 gxh5) 36. Be2 Ke3 37. Bd1 Kd4 38. Kb3 Ne5 39. Be2 h5 40. gxh5 gxh5 41. c5 bxc5 42. Bxa6 cxb4 43. Kxb4 h4 44. Bf1 Nd3+ 45. Kb5 Nc5 46. Bg2 h3 47. Bh1 h2 48. a5 1-0

[Event "18th Brasschaat Open 2018"]
[Site "Brasschaat"]
[Date "2018.08.24"]
[Round "7"]
[White "Grochal, Joey"]
[Black "Boudry, William"]
[Result "1/2-1/2"]
[ECO "D37"]
[WhiteElo "2300"]
[BlackElo "2044"]
[Annotator "NA"]
[PlyCount "129"]
[EventDate "2018.08.18"]
[EventType "swiss"]
[EventCountry "BEL"]
[SourceTitle "playchess.com"]
[Source "ChessBase"]
[SourceQuality "1"]
[TimeControl "40/5400+30:1800+30"]

1. d4 d5 2. c4 e6 3. Nc3 Be7 4. Nf3 Nf6 5. Bf4 O-O 6. e3 b6 7. Bd3 c5 8. cxd5 Nxd5 9. Nxd5 exd5 10. Qc2 {[%emt 0:03:07] D37: Queen's Gambit Declined: 5 Bf4} (10. O-O c4 11. Bb1 Nc6 12. b3 Be6 13. bxc4 dxc4 14. Qa4 Qd7 15. Qb5 f5 16. Rc1 Qd5 17. a4 Na5 {0-1 (38) Fedoseev,V (2724)-Friedel,J (2562) chess.com INT 2018}) 10... h6 11. O-O c4 ({Black should try} 11... Nc6 $11) 12. Bh7+ (12. Bxc4 $5 dxc4 13. Qe4 $16) 12... Kh8 13. Bf5 $146 ({Predecessor:} 13. Ne5 Qe8 14. Bf5 Nc6 15. Rfd1 Bf6 {½-½ (63) Koziej,M (2075)-Weglarz,J (2006) Rewal 2009}) 13... Nc6 14. Ne5 Nxe5 15. dxe5 Bxf5 16. Qxf5 Qc8 17. Qh5 Qe6 18. Bg3 Bc5 19. Rad1 Rad8 20. Kh1 f6 21. Bh4 Be7 22. exf6 Bxf6 23. Bxf6 Rxf6 24. Kg1 Rf5 25. Qg4 Rdf8 26. Qd4 Kg8 27. f4 Re8 28. Rf3 Qe4 29. Qxe4 dxe4 30. Rf2 Ra5 31. a3 c3 32. Rd7 cxb2 33. Rxb2 Rc8 $11 34. Re7 Rxa3 35. Rxe4 Rac3 36. h3 Rc2 37. Rxc2 Rxc2 38. Re8+ Kf7 39. Rb8 Ra2 40. Rb7+ Kf6 41. e4 Ra4 42. e5+ Ke6 43. Rxg7 Rxf4 44. Rxa7 Kxe5 45. Rb7 Rf6 46. Kh2 Kf4 47. g4 Rc6 48. Rf7+ Ke5 49. Kg3 Kd4 50. h4 b5 51. g5 b4 52. Kg4 hxg5 53. hxg5 b3 54. Kh5 Rb6 55. Rf1 b2 56. Rb1 Ke5 57. g6 Kf6 58. Kh6 Rb3 59. Rf1+ Ke5 60. g7 b1=Q 61. Rxb1 Rxb1 62. g8=Q Rh1+ 63. Kg7 Rg1+ 64. Kf7 Rxg8 65. Kxg8 1/2-1/2

[Event "18th Brasschaat Open 2018"]
[Site "Brasschaat"]
[Date "2018.08.24"]
[Round "7"]
[White "Draftian, Ashote"]
[Black "Van Dijck, Bjarne"]
[Result "1/2-1/2"]
[ECO "A03"]
[WhiteElo "2247"]
[BlackElo "1932"]
[Annotator "NA"]
[PlyCount "88"]
[EventDate "2018.08.18"]
[EventType "swiss"]
[EventCountry "BEL"]
[SourceTitle "playchess.com"]
[Source "ChessBase"]
[SourceQuality "1"]
[TimeControl "40/5400+30:1800+30"]

1. d4 Nf6 2. e3 g6 3. f4 d5 4. Bd3 Bg7 5. Nf3 O-O 6. O-O c5 7. c3 b6 8. Qe2 Bb7 9. Nbd2 Nbd7 {[%emt 0:03:28] LiveBook: 3 Games A03: Bird's Opening with 1...d5} (9... Nc6 10. b3 cxd4 11. exd4 Ne8 12. Ba3 Nd6 13. Rac1 Re8 14. Ne5 e6 15. Rfe1 Nf5 16. Qf2 a6 17. Ndf3 {0-1 (32) Evdokimov,A (2551)-Pavlov,M (2364) Odessa 2010}) 10. Ng5 e6 11. Qf3 Qc8 $146 ({Predecessor:} 11... Qe7 12. Nh3 Ne8 13. a4 Nd6 14. a5 b5 15. a6 Bc6 16. Qe2 Rab8 17. Nf2 {½-½ (74) Mihut,I (2222)-Somogyi,I (2261) Hungary 2003}) 12. Re1 Qc6 13. g4 h6 14. Nh3 Ne4 15. Qg2 b5 16. Nxe4 dxe4 17. Bf1 f5 18. Bd2 Rac8 $15 19. Rac1 Kh7 20. Be2 Nb6 21. b3 Qd7 22. Qg3 b4 23. Rcd1 cxd4 24. cxd4 a5 25. gxf5 exf5 26. Rc1 Bc6 27. Rc5 a4 28. Bxb4 Nd5 29. Rxd5 Bxd5 30. Bxf8 Bxf8 31. bxa4 Qxa4 32. Kf2 Qxa2 33. Ng1 Rc2 34. Kf1 Bb4 35. Rd1 Bc4 36. Qf2 Bd3 37. h4 Qb2 38. h5 gxh5 39. d5 h4 40. Qg2 h3 41. Qxh3 Rxe2 42. Qxf5+ Kh8 43. Qc8+ Kh7 44. Qf5+ Kh8 1/2-1/2

[Event "18th Brasschaat Open 2018"]
[Site "Brasschaat"]
[Date "2018.08.24"]
[Round "7"]
[White "Dauw, Sterre"]
[Black "De Bock, Thijs"]
[Result "1-0"]
[ECO "B15"]
[WhiteElo "2192"]
[BlackElo "1959"]
[Annotator "NA"]
[PlyCount "53"]
[EventDate "2018.08.18"]
[EventType "swiss"]
[EventCountry "BEL"]
[SourceTitle "playchess.com"]
[Source "ChessBase"]
[SourceQuality "1"]
[TimeControl "40/5400+30:1800+30"]

1. e4 g6 2. d4 Bg7 3. Nc3 c6 4. h3 d5 5. e5 c5 {[%emt 0:02:56] B15: Caro-Kann: 3 Nc3: 3...g6 and 3...dxe4 4 Nxe4 Nf6 5 Nxf6+ exf6} 6. f4 e6 $146 ({Predecessor:} 6... cxd4 7. Qxd4 e6 8. Nf3 Nc6 9. Qf2 Nge7 10. Be3 O-O 11. g4 f6 12. exf6 Bxf6 13. O-O-O Bxc3 14. bxc3 {0-1 (29) De Firmian,N (2570)-Speelman,J (2630) Brussels 1992}) 7. dxc5 ({Günstiger ist} 7. Nf3 $16) 7... Qh4+ 8. Ke2 b6 9. Nf3 Ba6+ 10. Ke3 Qg3 $2 (10... Qd8 $16 {is a better chance.}) 11. Bxa6 Nxa6 12. Ne2 d4+ 13. Qxd4 Qxg2 14. Rg1 Qxh3 15. Qa4+ Kf8 16. Qxa6 bxc5 17. Qc6 Rd8 18. Qxc5+ Ne7 19. b3 Rd5 20. Qxa7 Kg8 21. Ba3 Nf5+ 22. Kf2 Bh6 23. Rh1 Qg4 24. Rag1 Ng3 25. Rxg3 Qf5 26. Rxh6 Kg7 27. Rh1 $18 1-0

[Event "18th Brasschaat Open 2018"]
[Site "Brasschaat"]
[Date "2018.08.24"]
[Round "7"]
[White "Den Hartog, Marijn"]
[Black "Pirard, Natan"]
[Result "1-0"]
[ECO "C00"]
[WhiteElo "2118"]
[BlackElo "2067"]
[Annotator "NA"]
[PlyCount "67"]
[EventDate "2018.08.18"]
[EventType "swiss"]
[EventCountry "BEL"]
[SourceTitle "playchess.com"]
[Source "ChessBase"]
[SourceQuality "1"]
[TimeControl "40/5400+30:1800+30"]

1. Nf3 Nf6 2. g3 d5 3. Bg2 e6 4. O-O Be7 5. d3 c5 6. Nbd2 Nc6 7. e4 O-O 8. Re1 Qc7 9. c3 Rb8 {[%emt 0:13:01] C00: French: Unusual White 2nd moves} (9... b6 10. e5 Nd7 11. Qe2 a5 12. Nf1 a4 13. Bf4 Bb7 14. h4 Rfc8 15. Ne3 Qd8 16. h5 b5 17. Nxd5 exd5 18. e6 Nf8 19. exf7+ Kxf7 {0-1 (37) Morozevich,A (2675)-Hou,Y (2666) Biel 2017 CBM 180 [Sumets,A]}) 10. e5 Nd7 11. Qe2 b5 12. Nf1 c4 13. d4 b4 14. h4 bxc3 15. bxc3 Qa5 16. Qc2 f6 $146 ({Predecessor:} 16... h6 17. N1h2 Nb6 18. Rb1 Bd7 19. Ng4 {0-1 (58) Beridze,T (1903)-Vazirova,K (2098) Urgup 2004}) 17. exf6 Nxf6 18. Bf4 Rb7 19. Ng5 Ba3 20. Nxe6 Rb2 21. Qd1 Re8 22. Nc7 Rd8 {[%emt 0:01:35] [#]} 23. Ne3 $18 Ne7 24. Be5 Rf8 25. Rf1 Qxc3 26. Ncxd5 Nfxd5 27. Nxd5 Nxd5 28. Bxd5+ Kh8 29. Qh5 Rbxf2 30. Bxg7+ Kxg7 31. Qg5+ Kh8 32. Qe5+ R2f6 33. Rxf6 Qxa1+ 34. Rf1+ 1-0

[Event "18th Brasschaat Open 2018"]
[Site "Brasschaat"]
[Date "2018.08.24"]
[Round "7"]
[White "Mitran, Anthony Cristian"]
[Black "Sadkowski, Daniel"]
[Result "0-1"]
[ECO "A04"]
[WhiteElo "2096"]
[BlackElo "2235"]
[Annotator "NA"]
[PlyCount "90"]
[EventDate "2018.08.18"]
[EventType "swiss"]
[EventCountry "BEL"]
[SourceTitle "playchess.com"]
[Source "ChessBase"]
[SourceQuality "1"]
[TimeControl "40/5400+30:1800+30"]

1. Nf3 c5 2. b3 Nc6 3. Bb2 Nf6 4. e3 d6 5. d4 cxd4 {[%emt 0:00:13] A04: Holländisches System ohne Übergang in andere Systeme} 6. exd4 d5 (6... Bg4 7. h3 Bh5 8. Be2 e6 9. O-O Be7 10. c4 d5 11. a3 dxc4 12. bxc4 O-O 13. Nbd2 {0-1 (30) Dzhumagaliev,Y (2400)-Ponkratov,P (2613) Riadh 2017}) 7. a3 Bg4 8. Bd3 e6 9. O-O Be7 10. Nbd2 O-O 11. Qe1 Bh5 $146 ({Vorgänger:} 11... Qb6 12. Qe3 Rac8 13. Qf4 {0-1 (24) Graeber,R (2308)-Bartel,M Ruhrgebiet 1999}) 12. h3 Bg6 13. Bxg6 hxg6 14. Qe3 b5 15. Ne1 Nd7 16. Nd3 Bf6 17. f4 Rc8 18. Nf3 Na5 19. Rac1 Nb7 20. Nfe5 Nd6 21. g4 Ne4 22. Nf2 Nxf2 23. Nxd7 Nxg4 24. hxg4 Qxd7 25. Rf2 Be7 26. Rh2 f5 27. Re1 Kf7 28. gxf5 $17 exf5 29. Rg2 Bh4 30. Ree2 Rce8 31. Qf3 Re4 32. c4 bxc4 33. bxc4 Rfe8 34. c5 Qb5 35. Rxe4 Rxe4 36. Rc2 Bd8 37. Qf2 Bc7 38. Bc1 Qd3 39. Rb2 Qd1+ 40. Kg2 Qxc1 41. Rb7 Re7 42. Qa2 Qxf4 43. Qxd5+ Kf6 44. Qf3 Qd2+ 45. Kh3 Qh2# 0-1

[Event "18th Brasschaat Open 2018"]
[Site "Brasschaat"]
[Date "2018.08.24"]
[Round "7"]
[White "Oudewaal, Vincent"]
[Black "Vande Velde, Erik"]
[Result "1-0"]
[ECO "A11"]
[WhiteElo "2070"]
[BlackElo "1921"]
[Annotator "NA"]
[PlyCount "61"]
[EventDate "2018.08.18"]
[EventType "swiss"]
[EventCountry "BEL"]
[SourceTitle "playchess.com"]
[Source "ChessBase"]
[SourceQuality "1"]
[TimeControl "40/5400+30:1800+30"]

1. c4 c6 2. g3 d5 3. Bg2 Nf6 4. Nf3 Bf5 5. cxd5 cxd5 6. Qb3 Nc6 {[%emt 0:00:19] A11: English Opening: 1...c6} 7. Qxb7 Bd7 8. Qb3 e5 9. d3 {[%emt 0:06:15] LiveBook: 15 Games} (9. O-O e4 10. Ne1 Rb8 11. Qd1 h5 12. d3 h4 13. Bf4 hxg3 14. Bxg3 {½-½ (23) Artemiev,V (2697)-Petrosian,T (2589) Moscow 2018}) 9... Rb8 10. Qd1 Bb4+ 11. Nfd2 Qc8 12. a3 Nd4 13. O-O Ba5 $146 ({Predecessor:} 13... Qxc1 14. axb4 Qxd1 15. Rxd1 Nxe2+ {0-1 (44) Carlsson,L (2096)-Jogstad,M (2283) Uppsala 2017}) 14. b4 Bb6 15. Bb2 Bg4 16. Nc3 h5 17. Nf3 Nxf3+ 18. exf3 Bd7 19. Na4 Bd4 20. Bxd4 exd4 21. Re1+ Kf8 22. Rc1 Qa6 23. Nc5 Qd6 24. Nxd7+ Qxd7 $18 25. Qd2 h4 26. Qf4 Re8 27. Rxe8+ Nxe8 28. Qxd4 Rh6 29. f4 hxg3 30. hxg3 Nf6 31. Qc5+ 1-0

[Event "18th Brasschaat Open 2018"]
[Site "Brasschaat"]
[Date "2018.08.24"]
[Round "7"]
[White "Sikkel, Dirk"]
[Black "Naalden, Marc"]
[Result "0-1"]
[ECO "C68"]
[WhiteElo "1973"]
[BlackElo "1860"]
[Annotator "NA"]
[PlyCount "82"]
[EventDate "2018.08.18"]
[EventType "swiss"]
[EventCountry "BEL"]
[SourceTitle "playchess.com"]
[Source "ChessBase"]
[SourceQuality "1"]
[TimeControl "40/5400+30:1800+30"]

1. e4 e5 2. Nf3 Nc6 3. Bb5 a6 4. Bxc6 dxc6 5. O-O Bg4 6. h3 h5 7. d3 Qf6 8. Nbd2 g5 9. Nc4 {[%emt 0:03:43] C68: Ruy Lopez: Exchange Variation, sidelines} Bxf3 10. Qxf3 Qxf3 11. gxf3 {[%emt 0:00:09] LiveBook: 35 Games} f6 12. Be3 (12. Rd1 Ne7 13. Ne3 {½-½ (13) Solak,D (2635)-Sethuraman,S (2640) Kragujevac 2016}) 12... O-O-O 13. Rad1 Ne7 $146 ({Predecessor:} 13... Rh7 14. Kh2 Nh6 15. h4 Nf7 16. hxg5 fxg5 {½-½ (43) Rosner,D (2180)-De Souza,A (2144) GER email 2006}) 14. d4 Ng6 15. dxe5 Rxd1 16. Rxd1 b5 17. Na5 Nxe5 18. Kg2 Bd6 19. c3 Ng6 20. Kf1 c5 21. Nb3 c4 22. Nc1 (22. Nd4 $11) 22... Rd8 23. Ke1 Bf4 24. Rxd8+ Kxd8 25. Kd2 Bd6 26. Ne2 c5 27. Kc2 h4 28. Ng1 Kd7 29. Kd2 Kc6 30. Ne2 a5 31. Kc2 Be5 32. a3 Bh2 33. Kd2 b4 34. axb4 cxb4 35. Nd4+ Kd7 36. cxb4 axb4 37. Kc2 Be5 38. Ne2 Kc6 $17 (38... b3+ $19 39. Kb1 Bd6) 39. Bd2 b3+ 40. Kd1 Bxb2 41. f4 Nxf4 0-1

[Event "18th Brasschaat Open 2018"]
[Site "Brasschaat"]
[Date "2018.08.24"]
[Round "7"]
[White "Butzen, Robin"]
[Black "Kazarian, Anna-Maja"]
[Result "0-1"]
[ECO "D35"]
[WhiteElo "1899"]
[BlackElo "2183"]
[Annotator "NA"]
[PlyCount "108"]
[EventDate "2018.08.18"]
[EventType "swiss"]
[EventCountry "BEL"]
[SourceTitle "playchess.com"]
[Source "ChessBase"]
[SourceQuality "1"]
[TimeControl "40/5400+30:1800+30"]

1. c4 Nf6 2. Nc3 e6 3. d4 Bb4 4. Qc2 d5 5. cxd5 exd5 6. Bg5 c6 7. e3 Nbd7 8. Bd3 {[%emt 0:00:12] D35: Queen's Gambit Declined: Exchange Variation} Nf8 (8... Qe7 9. Nge2 h6 10. Bh4 Nf8 11. O-O Bd6 12. Bxf6 Qxf6 13. e4 dxe4 14. Nxe4 Qd8 15. d5 cxd5 {1-0 (27) So,W (2678)-Brooks,M (2430) Saint Louis 2012}) 9. Nge2 Ne6 10. Bh4 g6 11. O-O O-O 12. f3 Be7 13. Rad1 b5 $146 ({Predecessor:} 13... b6 14. h3 Bb7 15. Bf2 c5 16. dxc5 bxc5 {½-½ (32) Remlinger,L (2455)-Frias Pablaza,V (2480) New York 1994}) 14. Kh1 a5 15. e4 b4 16. Bxf6 Bxf6 17. exd5 cxd5 18. Na4 Bd7 19. Nc5 Rc8 20. Nxe6 Bxe6 21. Qd2 Qd7 22. Rc1 Bf5 23. Ba6 Rc6 24. Bd3 Bxd3 25. Qxd3 Rfc8 26. g3 $17 Rxc1 27. Rxc1 Rxc1+ 28. Nxc1 Qc6 29. Nb3 Qa4 30. Nc1 b3 31. axb3 Qa1 32. Qd2 Bxd4 33. Qxd4 Qxc1+ 34. Kg2 Qc2+ 35. Kh3 Qxb3 36. f4 Qc4 37. Qb6 Qc8+ 38. Kg2 a4 39. Qb5 Qc2+ 40. Kh3 Qf5+ 41. Kg2 Qe4+ 42. Kf2 Kg7 43. h4 h5 44. Qb6 d4 45. Qb8 Qe3+ 46. Kf1 Qf3+ 47. Ke1 Qxg3+ 48. Ke2 Qe3+ 49. Kd1 Qb3+ 50. Qxb3 axb3 51. Kd2 Kf6 52. Kd3 Kf5 53. Kxd4 Kxf4 54. Kc3 g5 0-1

[Event "18th Brasschaat Open 2018"]
[Site "Brasschaat"]
[Date "2018.08.24"]
[Round "7"]
[White "Raats, Joppe"]
[Black "Tikranian, Alik"]
[Result "0-1"]
[ECO "C50"]
[WhiteElo "1862"]
[BlackElo "2295"]
[Annotator "NA"]
[PlyCount "74"]
[EventDate "2018.08.18"]
[EventType "swiss"]
[EventCountry "BEL"]
[SourceTitle "playchess.com"]
[Source "ChessBase"]
[SourceQuality "1"]
[TimeControl "40/5400+30:1800+30"]

1. e4 e5 2. Nf3 Nc6 3. Bc4 Bc5 4. Nc3 Nf6 5. d3 d6 6. O-O Bg4 7. h3 Bh5 8. Be3 Qd7 {[%emt 0:02:08] C50: Hungarian Defence and Giuoco Pianissimo} (8... Bxe3 $11 {remains equal.} 9. fxe3 Na5) (8... Nd4 9. g4 Bg6 10. Bxd4 exd4 11. Ne2 d5 12. exd5 Nxd5 13. Bxd5 Qxd5 14. Nf4 Qd8 15. Re1+ Be7 16. Qe2 {1-0 (41) Shirov,A (2709)-Bailet,P (2476) Riga 2014}) 9. a3 ({White should try} 9. Bxc5 $14 dxc5 10. Bb5) 9... a6 10. Kh2 $146 (10. Bxc5 $11 dxc5 11. Bd5) ({Predecessor:} 10. Nd5 Nxd5 11. exd5 Bxf3 12. Qxf3 Nd4 13. Qd1 Ba7 14. c3 Nf5 15. Bxa7 Rxa7 16. Re1 {0-1 (30) Fu,L-Monadjem,M Caldas Novas 2011}) 10... h6 (10... Nd4 $15) 11. Nd5 Nxd5 12. exd5 Nd4 {[%emt 0:04:46] [#]} 13. Bxd4 (13. Nxe5 $1 $16 Bxd1 14. Nxd7 Kxd7 15. Raxd1) 13... Bxd4 14. c3 Ba7 15. Qe2 (15. d4 $15) 15... O-O-O 16. b4 f5 17. Qb2 g5 18. a4 Kb8 19. a5 Be8 20. Rfb1 g4 21. Ng1 gxh3 22. Nxh3 Rg8 23. Qe2 (23. b5 $1 $11 axb5 24. a6) 23... Qg7 24. Qf1 Bb5 25. Bxb5 axb5 26. c4 Bd4 27. Ra2 f4 28. f3 Qf7 29. a6 $17 Rg3 30. Rb3 Rdg8 31. axb7 Kxb7 32. Rba3 R8g5 33. Rc2 Qg6 34. Raa2 Rxh3+ 35. gxh3 Rg1 36. Rg2 Qg3+ 37. Rxg3 fxg3# 0-1

[Event "18th Brasschaat Open 2018"]
[Site "Brasschaat"]
[Date "2018.08.24"]
[Round "7"]
[White "Follesa, Enrico"]
[Black "Ismail, Tamer"]
[Result "1-0"]
[ECO "B07"]
[WhiteElo "1856"]
[BlackElo "1999"]
[Annotator "NA"]
[PlyCount "65"]
[EventDate "2018.08.18"]
[EventType "swiss"]
[EventCountry "BEL"]
[SourceTitle "playchess.com"]
[Source "ChessBase"]
[SourceQuality "1"]
[TimeControl "40/5400+30:1800+30"]

1. e4 d6 2. d4 Nf6 3. f3 e5 4. d5 Be7 5. c4 h6 6. Nc3 Nh5 7. g3 Bg5 (7... O-O $14) 8. f4 Bxf4 9. Bxf4 Nxf4 10. gxf4 Qh4+ 11. Kd2 Qxf4+ 12. Kc2 Na6 13. a3 Nc5 14. Bd3 Bd7 15. Nge2 Qf6 16. Rg1 g6 17. b4 Nxd3 18. Qxd3 O-O-O (18... O-O {was worth a try.} 19. Qg3 a6) 19. b5 Qh4 20. a4 Rdg8 21. Qe3 Kb8 22. b6 cxb6 23. a5 f5 24. axb6 a6 25. c5 Rc8 26. c6 Bxc6 27. dxc6 Rxc6 28. Rxg6 Qxe4+ 29. Qxe4 fxe4 30. Rb1 d5 31. Rxc6 bxc6 32. Na4 c5 33. Nec3 $18 1-0

[Event "18th Brasschaat Open 2018"]
[Site "Brasschaat"]
[Date "2018.08.25"]
[Round "8"]
[White "Pirard, Natan"]
[Black "Follesa, Enrico"]
[Result "1-0"]
[ECO "B52"]
[WhiteElo "2067"]
[BlackElo "1856"]
[Annotator "NA RC"]
[PlyCount "61"]
[EventDate "2018.08.18"]
[EventType "swiss"]
[EventCountry "BEL"]
[SourceTitle "playchess.com"]
[Source "ChessBase"]
[SourceQuality "1"]
[TimeControl "40/5400+30:1800+30"]

1. e4 c5 2. Nf3 d6 3. Bb5+ Bd7 4. Bxd7+ Qxd7 5. O-O Nc6 6. Qe2 e6 7. Rd1 Nf6 8. d4 cxd4 9. Nxd4 Be7 10. c4 a6 {[%emt 0:01:21] LiveBook: 4 Games} 11. Nc3 O-O 12. b3 Qc7 13. Bb2 Rac8 14. h3 Nd7 15. Qd3 $11 Rfd8 16. Qg3 Nxd4 17. Rxd4 Bf8 18. Rad1 b6 19. Ne2 Nf6 20. Nc3 Nd7 21. Kh1 Qc6 22. Rxd6 Qc7 23. R6d3 Qb7 24. Qg5 h6 25. Qd2 Rc7 26. Na4 b5 27. cxb5 axb5 28. Be5 Rc6 29. Nc3 b4 30. Na4 Qb5 31. Rxd7 1-0

[Event "18th Brasschaat Open 2018"]
[Site "Brasschaat"]
[Date "2018.08.25"]
[Round "8"]
[White "De Bock, Thijs"]
[Black "Dgebuadze, Marie"]
[Result "1-0"]
[ECO "B78"]
[WhiteElo "1959"]
[BlackElo "1733"]
[Annotator "NA RC"]
[PlyCount "57"]
[EventDate "2018.08.18"]
[EventType "swiss"]
[EventCountry "BEL"]
[SourceTitle "playchess.com"]
[Source "ChessBase"]
[SourceQuality "1"]
[TimeControl "40/5400+30:1800+30"]

1. e4 c5 2. Nf3 d6 3. d4 cxd4 4. Nxd4 Nf6 5. Nc3 g6 6. Be3 Bg7 7. f3 Nc6 8. Bc4 O-O 9. Qd2 Bd7 10. O-O-O Rc8 11. Bb3 Ne5 12. Kb1 Nc4 13. Bxc4 $1 Rxc4 14. g4 Qa5 {[%emt 0:01:06] LiveBook: 25 Games} 15. Nd5 (15. Nb3 $16 Qa6 {[#]} 16. e5 $1 Nxg4 17. fxg4) 15... Qxd2 $1 16. Nxe7+ ({Better is} 16. Nxf6+ $11 Bxf6 17. Rxd2) 16... Kh8 17. Rxd2 (17. Bxd2 $2 {loses.} Rxd4 18. Bc3 Rxd1+ 19. Rxd1 Re8 $19) 17... Re8 18. b3 Rc3 19. g5 Nxe4 ({Resist} 19... Rxe3 20. gxf6 Bxf6 21. Nd5 $17) 20. fxe4 Rxe7 (20... Rxe3 $19 {is more deadly.} 21. Nd5 R3xe4) 21. Bf4 Rxe4 22. Ne2 Rc8 23. Bxd6 Rce8 24. Nc1 $17 Bf5 25. Ba3 Rg4 26. Re1 Rxe1 27. Rd8+ Bf8 28. Bxf8 Rge4 29. Be7+ 1-0